AoeStats
← AOKI_Shogi

Arabia

506724417Analyzed
4v4 RM · 18d ago on Sep 14, 2026· 32m 43s· 8 players
Game mode
Random Map
Map size
Large (8 player)
Population
200
Speed
Normal
Resources
Standard
Victory
Conquest
Starting age
Dark Age
Ending age
Imperial Age
RankedLock teamsTeams togetherTeam positionsShared explorationLock speedFull tech treeHidden civsTurbo modeCheats
Victory
Defeat
🇧🇷 Ethiopians · Brazil
1615
+10
🇧🇷 Franks · Brazil
1573
+11
🇧🇷 Persians · Brazil
1559
+12
🇦🇷 Britons · Argentina
1500
+14
🇲🇦 Khmer · Morocco
1575
-17
🇫🇷 Ethiopians · France
1430
-10
🇫🇷 Britons · France
1424
-10
🇫🇷 Franks · France
1422
-10
Suricata Tactica
5:05 Loom
8:40 Feudal Age
9:49 Double-Bit Axe
13:40 Fletching
18:11 Padded Archer Armor
19:34 Gold Mining
21:15 Wheelbarrow
22:20 Horse Collar
27:01 Castle Age
27:06 Crossbowman
27:42 Bodkin Arrow
27:48 Bodkin Arrow
29:58 Ballistics
[LCDR] Alone
6:35 Loom
9:03 Feudal Age
10:40 Double-Bit Axe
11:38 Fletching
14:27 Padded Archer Armor
25:06 Castle Age
24:17 Gold Mining
25:09 Crossbowman
25:45 Bodkin Arrow
26:32 Thumb Ring
27:06 Ballistics
32:51 Wheelbarrow
SkOrPiO
6:21 Loom
8:43 Feudal Age
10:42 Double-Bit Axe
17:20 Scale Barding Armor
18:16 Forging
23:56 Castle Age
23:31 Gold Mining
24:41 Husbandry
25:03 Chain Barding Armor
25:51 Bow Saw
30:24 Padded Archer Armor
32:19 Iron Casting
33:44 Wheelbarrow
[FOX]Deto
5:51 Loom
8:29 Feudal Age
11:10 Double-Bit Axe
21:43 Castle Age
19:43 Gold Mining
19:34 Horse Collar
20:23 Scale Barding Armor
21:06 Bloodlines
22:42 Chain Barding Armor
AOKI_Shogi
6:19 Loom
8:34 Feudal Age
13:12 Fletching
19:39 Padded Archer Armor
20:00 Double-Bit Axe
24:49 Town Watch
28:35 Castle Age
28:04 Horse Collar
28:45 Crossbowman
29:21 Bodkin Arrow
Daniel Chassagnez
6:11 Loom
8:58 Feudal Age
10:52 Double-Bit Axe
13:23 Fletching
17:20 Wheelbarrow
22:49 Castle Age
22:00 Horse Collar
23:30 Padded Archer Armor
22:55 Crossbowman
23:33 Bodkin Arrow
24:13 Bow Saw
24:18 Gold Mining
25:30 Ballistics
25:52 Leather Archer Armor
27:14 Heavy Plow
28:09 Town Watch
31:17 Hand Cart
Yarcla
6:49 Loom
9:21 Feudal Age
10:12 Double-Bit Axe
26:17 Castle Age
27:12 Scale Barding Armor
27:17 Forging
29:42 Husbandry
31:11 Gold Mining
32:26 Iron Casting
33:13 Chain Barding Armor
Skrillll
6:42 Loom
8:45 Feudal Age
9:25 Double-Bit Axe
9:21 Horse Collar
21:17 Castle Age
19:27 Gold Mining
20:28 Bloodlines
22:27 Scale Barding Armor
22:43 Husbandry
24:43 Chain Barding Armor
27:57 Bow Saw
Connection lost

Rejoining the realm…

Still unreachable

The connection could not be restored.

Session expired

The server has moved on; the page needs a fresh start.